 Dungeon Crawl Stone Soup version 0.26-a0-720-g2a1d101370 (webtiles) character file.

Game seed: 1490992101276489991

89439 waschbaer the Earth Mage (level 15, -3/93 HPs)
             Began as a Gargoyle Earth Elementalist on Nov 1, 2020.
             Was the Champion of Vehumet.
             Slain by a swamp drake (6 damage)
             ... on level 2 of the Swamp on Nov 2, 2020.
             The game lasted 01:57:22 (27043 turns).

waschbaer the Earth Mage (GrEE)                    Turns: 27043, Time: 01:57:32

Health: -3/93      AC: 18    Str: 14    XL:     15   Next: 97%
Magic:  6/31       EV: 12    Int: 28    God:    Vehumet [******]
Gold:   2649       SH:  0    Dex: 12    Spells: 21/38 levels left

rFire    + + +     SeeInvis +   c - +11 falchion of Discord {flame, rF+ Dex+2 SInv}
rCold    + . .     Faith    .   (no shield)
rNeg     + . .     Spirit   .   G - +2 robe of Vines {NoPotionHeal Regen+7}
rPois    ∞         Reflect  .   U - +1 hat of Cheibriados's Regard {rC+ Str+2}
rElec    +         Harm     .   (no cloak)
rCorr    .         Rampage  .   R - +1 pair of gloves {Str+3}
MR       ++...                  (no boots)
Stlth    ++........             I - amulet of magic regeneration
HPRegen  3.05/turn              E - ring "Etwaoschu" {*Drain +Fly rF+++ Str-3 Int+6}
MPRegen  0.47/turn              K - ring of protection from magic

@: about to teleport, flying, slowed, very slow
A: big wings, negative energy resistance 1, electricity resistance, unbreathing,
petrification resistance, rot immunity, AC +11
a: Stop Flying, Renounce Religion


You were on level 2 of the Swamp.
You worshipped Vehumet.
Vehumet was exalted by your worship.
You visited 4 branches of the dungeon, and saw 23 of its levels.

You collected 2649 gold pieces.

Inventory:

Hand Weapons
 c - the +11 falchion of Discord (weapon) {flame, rF+ Dex+2 SInv}
   (You found it on level 6 of the Lair of Beasts)

   It has been specially enchanted to burn those struck by it, causing extra
   injury to most foes and up to half again as much damage against particularly
   susceptible opponents.
   Big, fiery blades are also staple armaments of hydra-hunters.
   It affects your dexterity (+2).
   It protects you from fire.
   It lets you see invisible.
 L - the +10 long sword "Widowermaker" {chaos, Str+6}
   (You found it on level 2 of the Lair of Beasts)

   Each time it hits an enemy it has a different, random effect.
   It affects your strength (+6).
Missiles
 b - 627 stones (quivered)
Armour
 G - the +2 robe of Vines (worn) {NoPotionHeal Regen+7}
   (You took it off an orc wizard on level 9 of the Dungeon)

   It increases your rate of regeneration.
 R - a +1 pair of gloves of strength (worn)
 U - the +1 hat of Cheibriados's Regard (worn) {rC+ Str+2}
   (You found it on level 5 of the Lair of Beasts)

   It affects your strength (+2).
   It protects you from cold.
Jewellery
 E - the ring "Etwaoschu" (left hand) {*Drain +Fly rF+++ Str-3 Int+6}
   (You found it on level 6 of the Lair of Beasts)

   [ring of intelligence]

   It affects your strength (-3).
   It affects your intelligence (+6).
   It renders you almost immune to fire.
   It lets you fly.
   It causes draining when unequipped.
 I - an amulet of magic regeneration (around neck)
 K - a ring of protection from magic (right hand)
Wands
 v - a wand of polymorph (49)
 x - a wand of iceblast (37)
 F - a wand of random effects (18)
 J - a wand of enslavement (8)
 M - a wand of disintegration (25)
 S - a wand of acid (4)
 X - a wand of digging (6)
 Z - a wand of paralysis (6)
Scrolls
 a - 8 scrolls of fog
 d - 8 scrolls of teleportation
 e - a scroll of blinking
 k - 4 scrolls of identify
 m - 14 scrolls of remove curse
 t - a scroll of acquirement {unknown}
 w - 3 scrolls of fear
 z - 3 scrolls of silence {unknown}
 A - a scroll of torment {unknown}
 D - 2 scrolls of holy word {unknown}
 H - 4 scrolls of immolation
 P - a scroll of brand weapon {unknown}
 T - a scroll of amnesia {unknown}
 W - a scroll of random uselessness {unknown}
Potions
 f - 4 potions of haste
 g - a potion of invisibility {unknown}
 h - 2 potions of heal wounds {unknown}
 i - 8 potions of curing
 q - a potion of berserk rage {unknown}
 B - 2 potions of stabbing {unknown}
 N - 4 potions of brilliance
 V - a potion of flight {unknown}
Miscellaneous
 Y - a box of beasts (3/3)


   Skills:
 - Level 10.4 Fighting
 - Level 10.3 Long Blades
 - Level 1.5 Dodging
 - Level 2.1 Stealth
 + Level 12.2 Spellcasting
 - Level 9.7 Conjurations
 - Level 0.7 Transmutations
 - Level 11.3 Fire Magic
 * Level 16.5 Earth Magic


You had 21 spell levels left.
You knew the following spells:

 Your Spells              Type           Power        Failure   Level
a - Sandblast             Erth           ######       0%          1
b - Stone Arrow           Conj/Erth      ######       1%          3
c - Searing Ray           Conj           ######       1%          2
d - Bolt of Magma         Conj/Fire/Erth ######....   1%          5
e - Blink                 Tloc           N/A          4%          2
f - Petrify               Tmut/Erth      ######..     1%          4

Your spell library contained the following spells:

 Spells                   Type           Power        Failure   Level
 Ozocubu's Refrigeration  Ice            ###.......   73%         6
 Magic Dart               Conj           ####         1%          1
 Passwall                 Tmut/Erth      ######..     1%          2
 Conjure Flame            Conj/Fire      ######..     1%          3
 Ignite Poison            Fire/Tmut/Pois #####...     1%          3
 Mephitic Cloud           Conj/Pois/Air  #####...     1%          3
 Lee's Rapid Deconstruct  Erth           #######...   1%          5
 Beastly Appendage        Tmut           ###...       2%          1
 Sting                    Tmut/Pois      ###.         2%          1
 Apportation              Tloc           ###...       3%          1
 Wereblood                Tmut           ###.....     3%          2
 Call Imp                 Summ           ###.....     4%          2
 Poisonous Vapours        Pois/Air       ###...       4%          2
 Slow                     Hex            ###.....     4%          2
 Spider Form              Tmut/Pois      ###.......   9%          3
 Olgreb's Toxic Radiance  Pois           ###.....     9%          4
 Confusing Touch          Hex            ###.....     10%         3
 Gell's Gravitas          Tloc           ###.......   10%         3
 Lesser Beckoning         Tloc           ###.......   10%         3
 Tukima's Dance           Hex            ###.....     10%         3
 Yara's Violent Unravell  Hex/Tmut       ###.......   19%         5
 Ice Form                 Ice/Tmut       ###.....     26%         4
 Cause Fear               Hex            ###.......   32%         4
 Blade Hands              Tmut           ###.......   54%         5
 Alistair's Intoxication  Tmut/Pois      ###......    58%         5
 Metabolic Englaciation   Hex/Ice        ###.......   65%         5
 Silence                  Hex/Air        ###.......   65%         5
 Invisibility             Hex            ###.....     99%         6
 Discord                  Hex            ###.......   100%        8


Dungeon Overview and Level Annotations

Branches:
Dungeon (13/15) Temple (0/1) D:6 Lair (6/6) D:9 Swamp (2/4) Lair:4 Slime (0/5) Lair:6 Orc (2/2) D:9 Elf (0/3) Orc:2 Vaults (0/5) D:12 D:13 Snake: Lair:2-4 Spider: Lair:2-4

Altars:
Fedhas
Gozag
Hepliaklqana
Ru
Sif Muna
Trog
Vehumet
Wu Jian
The Shining One
Beogh

Shops:
D:6 *   Orc:1 *   Orc:2 =*==

Annotations:
D:8 2 transporters, yilan's ghost, novice MiFi
D:12 2 transporters, Perttuleena's ghost, novice DsMo
D:13 2 runed translucent doors, Byaci's ghost, novice MiBe
Lair:5 exclusion: oklob plant
Lair:6 exclusion: oklob plant


Innate Abilities, Weirdness & Mutations

You are resistant to torment.
Your stone body is resilient. (AC +11)
You are immune to poison.
Your large and strong wings let you fly indefinitely.
You resist negative energy. (rN+)
You are resistant to electric shocks. (rElec)
You can survive without breathing.
You are immune to petrification.
You are immune to rotting.


Message History

The swamp drake breathes noxious fumes at you.
The noxious blast misses you.
The vampire mosquito bites you but does no damage.
The thorn hunter hits the briar patch but does no damage.
The thorn hunter hits the briar patch!
The swamp drake bites you but does no damage.
The vampire mosquito bites you but does no damage.
The vampire mosquito bites you but does no damage.
The five-headed hydra bites you but does no damage.
The five-headed hydra closely misses you.
The five-headed hydra bites you but does no damage.
The five-headed hydra bites you.
* * * LOW HITPOINT WARNING * * *
The five-headed hydra barely misses you.
The thorn hunter fires a volley of thorns at you.
The volley of thorns hits you!!
* * * LOW HITPOINT WARNING * * *
The vampire mosquito bites you but does no damage.
The swamp drake bites you.
You die...

≈≈≈§≈≈§≈†≈≈≈≈≈≈♣
≈≈≈≈≈≈≈≈≈≈..≈<≈≈≈.♣
≈♣≈≈≈........♣≈.≈.≈♣
≈≈≈...≈≈≈....♣≈...♣♣
≈≈§.(.≈PPf♣...♣♣.≈♣
.......PPP♣...♣ ♣♣♣
≈..≈♣.≈PPP≈..♣P
♣.≈...°°°.≈≈.♣P.
≈♣≈≈.D@°≈≈.♣♣♣PP
♣≈≈≈...ky≈♣.♣


PP♣ P≈≈≈.♣♣≈≈♣♣.♣ ... P.≈≈ ♣♣.. P♣≈ .♣♣♣ PP ♣♣ P You could see a thorn hunter, a
five-headed hydra, a swamp drake (catching breath) and a vampire mosquito.

Vanquished Creatures
  Rupert (D:13)
  Kirke (Lair:6)
  A ghoul (D:13)
  A dire elephant (Lair:6)
  Snorg (D:12)
  An ettin (Orc:2)
  A fire dragon (Lair:6)
  Harold (D:11)
  4 hydras
  3 boulder beetles (D:12)
  2 catoblepae (Lair:6)
  A centaur warrior (D:13)
  A tengu warrior (D:11)
  2 ogre magi
  10 death yaks
  8 two-headed ogres
  An alligator (Swamp:2)
  Urug (D:12)
  Sonja (D:10)
  An orc high priest (Orc:2)
  A skeletal warrior (D:13)
  An unseen horror (D:12)
  2 deep trolls (Orc:2)
  A swamp dragon (Lair:6)
  A lindwurm (Lair:6)
  Pikel (D:7)
  4 ugly things
  An orc sorcerer (Orc:2)
  3 cyclopes
  2 manticores (Lair:6)
  5 centaur zombies
  10 elephants
  A torpor snail (Lair:6)
  6 black mambas
  A gargoyle (D:10)
  7 cane toads
  Maggie (D:8)
  8 rime drakes
  9 komodo dragons
  3 polar bears
  9 trolls
  2 jumping spiders (Lair:5)
  2 tyrant leeches (Swamp:1)
  2 hornets (D:11)
  Prince Ribbit (D:6)
  2 dream sheep (Lair:6)
  5 bog bodies
  10 blink frogs
  6 slime creatures (Swamp:1)
  2 wraiths (D:11)
  8 wyverns
  7 basilisks
  47 yaks
  15 humans
  A steam dragon (Lair:6)
  6 vampire mosquitoes
  An insubstantial wisp (Swamp:1)
  4 wargs
  A soldier ant (D:11)
  8 swamp worms
  22 water moccasins
  5 acid dragons
  4 swamp drakes
  9 ice beasts
  4 sky beasts
  22 orc warriors
  3 phantoms
  5 black bears
  26 ogres
  13 wolves
  3 centaurs
  3 lemures (D:7)
  4 big kobolds
  Blork the orc (D:6)
  11 bullfrogs
  3 scorpions
  A wyvern skeleton (D:11)
  3 killer bees (D:11)
  9 wights
  An electric eel (Lair:4)
  A howler monkey (D:9)
  A bullfrog zombie (D:6)
  3 centaur skeletons
  9 hounds
  26 orc wizards
  A quasit (D:6)
  22 orc priests
  4 jellies
  Jessica (D:2)
  6 iguanas
  A hell rat (Lair:6)
  Terence (D:3)
  11 worker ants
  3 killer bee zombies
  3 hound skeletons
  A howler monkey zombie (D:11)
  A worker ant zombie (D:11)
  A howler monkey skeleton (D:9)
  7 gnolls
  10 adders
  A shadow imp (D:5)
  A white imp (D:6)
  2 ufetubi
  An ooze (D:3)
  An adder zombie (D:8)
  An adder skeleton (D:5)
  3 worms
  A dart slug (D:1)
  7 leopard geckos
  88 orcs
  A ball python (D:6)
  3 bats
  5 giant cockroaches
  5 goblins
  2 hobgoblins
  22 jackals
  4 quokkas
  5 frilled lizards
  A jackal skeleton (D:4)
  25 kobolds
  7 rats
701 creatures vanquished.

Vanquished Creatures (others)
  A death yak (Lair:3)
  A human (Lair:6)
  An orc (Orc:2)
  45 fungi
  76 plants
  5 withered plants (D:13)
129 creatures vanquished.

Grand Total: 830 creatures vanquished

Notes
Turn   | Place    | Note
-------+----------+-------------------------------------------
     0 | D:1      | waschbaer the Gargoyle Earth Elementalist began the quest
                  | for the Orb.
     0 | D:1      | Reached XP level 1. HP: 10/10 MP: 3/3
   187 | D:1      | Reached XP level 2. HP: 15/15 MP: 1/5
   258 | D:1      | Reached skill level 4 in Earth Magic
   775 | D:1      | Reached XP level 3. HP: 15/19 MP: 6/6
  1683 | D:2      | Noticed Jessica
  1688 | D:2      | Killed Jessica
  1688 | D:2      | Reached XP level 4. HP: 24/24 MP: 5/8
  1887 | D:3      | Found a radiant altar of Vehumet.
  1894 | D:3      | Became a worshipper of Vehumet
  1977 | D:3      | Reached skill level 5 in Earth Magic
  2198 | D:3      | Noticed Terence
  2207 | D:3      | Killed Terence
  2374 | D:3      | Reached XP level 5. HP: 14/28 MP: 6/10
  3066 | D:3      | Reached * piety under Vehumet
  3066 | D:3      | Offered knowledge of Magic Dart by Vehumet.
  3625 | D:4      | Reached skill level 6 in Earth Magic
  3942 | D:4      | Reached XP level 6. HP: 28/32 MP: 9/12
  4373 | D:4      | Found a glowing golden altar of the Shining One.
  4601 | D:5      | Entered Level 5 of the Dungeon
  4606 | D:5      | Noticed a sky beast
  4616 | D:5      | Killed a sky beast
  4616 | D:5      | Reached skill level 7 in Earth Magic
  4616 | D:5      | Reached XP level 7. HP: 36/36 MP: 8/13
  4767 | D:5      | Offered knowledge of Searing Ray by Vehumet.
  4804 | D:5      | Found a blossoming altar of Fedhas.
  4842 | D:5      | Reached ** piety under Vehumet
  5012 | D:5      | Learned a level 2 spell: Searing Ray
  5016 | D:5      | Learned a level 3 spell: Stone Arrow
  5197 | D:5      | Reached skill level 8 in Earth Magic
  5412 | D:5      | Reached skill level 1 in Conjurations
  5827 | D:6      | Found Loicesmu's Armour Shop.
  5848 | D:6      | HP: 1/36 [orc priest/divine providence (17)]
  5867 | D:5      | Reached skill level 9 in Earth Magic
  5867 | D:5      | Reached XP level 8. HP: 16/41 MP: 2/15
  6131 | D:6      | Noticed Prince Ribbit
  6351 | D:6      | Killed Prince Ribbit
  6464 | D:6      | Found a staircase to the Ecumenical Temple.
  6580 | D:6      | Noticed Blork the orc
  6584 | D:6      | Reached skill level 10 in Earth Magic
  6587 | D:6      | Killed Blork the orc
  6686 | D:6      | Found Pismam's General Store.
  7029 | D:6      | Offered knowledge of Dazzling Flash by Vehumet.
  7354 | D:6      | Found a sacrificial altar of Ru.
  7354 | D:6      | Found a shimmering blue altar of Sif Muna.
  7408 | D:6      | Reached skill level 11 in Earth Magic
  7477 | D:6      | Reached skill level 5 in Conjurations
  7477 | D:6      | Reached XP level 9. HP: 45/45 MP: 9/16
  7487 | D:6      | Reached skill level 5 in Spellcasting
  7653 | D:7      | Noticed Pikel
  7794 | D:7      | Found an opulent altar of Gozag.
  7910 | D:7      | Reached *** piety under Vehumet
  8504 | D:7      | Killed Pikel
  8868 | D:8      | Noticed a two-headed ogre
  8875 | D:8      | Killed a two-headed ogre
  8875 | D:8      | Reached XP level 10. HP: 22/50 MP: 7/20
  9178 | D:8      | Offered knowledge of Fulminant Prism by Vehumet.
  9995 | D:8      | Found a bloodstained altar of Trog.
  9995 | D:8      | Noticed yilan's ghost (novice MiFi)
  9995 | D:8      | Identified the +6 rapier "Wisaxa Kuul" {drain, Int+2}
  9995 | D:8      | Noticed a tengu warrior
  9996 | D:8      | Noticed a moth of wrath
 10001 | D:8      | Found a transporter.
 10026 | D:8      | Found a transporter.
 10059 | D:8      | Noticed Maggie
 10064 | D:8      | Killed Maggie
 10074 | D:8      | Reached **** piety under Vehumet
 10371 | D:9      | Offered knowledge of Airstrike by Vehumet.
 10791 | D:9      | Found an ornate altar of the Wu Jian Council.
 11493 | D:9      | Found a staircase to the Orcish Mines.
 11606 | D:9      | Reached skill level 1 in Fighting
 11684 | D:9      | Found a staircase to the Lair.
 11834 | D:9      | Reached XP level 11. HP: 40/60 MP: 2/24
 12121 | D:9      | Reached ***** piety under Vehumet
 12335 | D:10     | Entered Level 10 of the Dungeon
 12350 | D:10     | Noticed a brown ugly thing
 12350 | D:10     | Noticed a wizard
 12350 | D:10     | Noticed a white ugly thing
 12350 | D:10     | Noticed a tengu warrior
 12400 | Lair:1   | Entered Level 1 of the Lair of Beasts
 12718 | Lair:1   | Noticed an eight-headed hydra
 12724 | Lair:1   | Killed an eight-headed hydra
 12724 | Lair:1   | Reached skill level 10 in Spellcasting
 12816 | Lair:1   | Reached skill level 5 in Fighting
 13406 | Lair:2   | Offered knowledge of Bolt of Magma by Vehumet.
 13447 | Lair:2   | Learned a level 5 spell: Bolt of Magma
 13747 | Lair:2   | Noticed an eight-headed hydra
 13751 | Lair:2   | Killed an eight-headed hydra
 14413 | Lair:2   | Got an ichor-stained long sword
 14414 | Lair:2   | Identified the +10 long sword "Widowermaker" {chaos, Str+6}
                  | (You found it on level 2 of the Lair of Beasts)
 14731 | Lair:3   | Noticed a death yak
 14733 | Lair:3   | Noticed a death yak
 14734 | Lair:3   | Noticed a death yak
 14743 | Lair:3   | Noticed a death yak
 14744 | Lair:3   | Noticed a death yak
 14746 | Lair:3   | Killed a death yak
 14747 | Lair:3   | Noticed a death yak
 14748 | Lair:3   | Killed a death yak
 14833 | Lair:2   | Killed a death yak
 14833 | Lair:2   | Reached XP level 12. HP: 66/74 MP: 1/27
 14989 | Lair:2   | Killed a death yak
 15074 | Lair:2   | Killed a death yak
 15432 | Lair:3   | Reached skill level 1 in Fire Magic
 16068 | Lair:3   | You fall into a shaft and drop 1 floor!
 16172 | Lair:4   | Reached skill level 5 in Fire Magic
 16309 | Lair:4   | Noticed a death yak
 16310 | Lair:4   | Noticed a death yak
 16310 | Lair:4   | Noticed a death yak
 16319 | Lair:4   | Killed a death yak
 16319 | Lair:4   | Killed a death yak
 16319 | Lair:4   | Reached skill level 10 in Fighting
 16321 | Lair:4   | Killed a death yak
 16583 | Lair:4   | Reached skill level 1 in Long Blades
 16608 | Lair:4   | Reached XP level 13. HP: 83/83 MP: 7/28
 16998 | Lair:4   | Found an opulent altar of Gozag.
 17239 | Lair:4   | Found a staircase to the Swamp.
 17584 | Lair:5   | Found a runed translucent door.
 18275 | Lair:5   | Got a spiked hat
 18276 | Lair:5   | Identified the +1 hat of Cheibriados's Regard {rC+ Str+2}
                  | (You found it on level 5 of the Lair of Beasts)
 18351 | Lair:6   | Entered Level 6 of the Lair of Beasts
 18399 | Lair:5   | Offered knowledge of Starburst by Vehumet.
 18437 | Lair:6   | Got an iridescent falchion
 18438 | Lair:6   | Identified the +11 falchion of Discord {flame, rF+ Dex+2
                  | SInv} (You found it on level 6 of the Lair of Beasts)
 18472 | Lair:6   | Found a hazy altar of Hepliaklqana.
 18492 | Lair:6   | Reached skill level 5 in Long Blades
 18523 | Lair:6   | Got a shimmering iron ring
 18525 | Lair:6   | Identified the ring "Etwaoschu" {*Drain +Fly rF+++ Str-3
                  | Int+6} (You found it on level 6 of the Lair of Beasts)
 18550 | Lair:6   | Found a staircase to the Slime Pits.
 18723 | Lair:6   | Noticed a fire dragon
 18839 | Lair:6   | Killed a fire dragon
 18997 | Lair:6   | Noticed Kirke
 19004 | Lair:6   | Killed Kirke
 19131 | Lair:6   | Reached skill level 10 in Fire Magic
 19320 | Lair:6   | Noticed a dire elephant
 19330 | Lair:6   | Gained mutation: Your large and strong wings let you fly
                  | indefinitely. [Gargoyle growth]
 19330 | Lair:6   | Reached XP level 14. HP: 88/88 MP: 19/29
 19330 | Lair:6   | Killed a dire elephant
 21291 | D:10     | Noticed Sonja
 21295 | D:10     | Killed Sonja
 21346 | D:10     | Reached ****** piety under Vehumet
 21346 | D:10     | Offered knowledge of Freezing Cloud by Vehumet.
 21954 | D:11     | Reached skill level 12 in Earth Magic
 22143 | D:11     | Noticed Harold
 22150 | D:11     | Killed Harold
 22682 | D:12     | Noticed Snorg
 22689 | D:12     | Killed Snorg
 22981 | D:12     | Offered knowledge of Spellforged Servitor by Vehumet.
 23047 | D:12     | Learned a level 2 spell: Blink
 23097 | D:12     | Reached skill level 13 in Earth Magic
 23174 | D:12     | Noticed a stone giant
 23176 | D:12     | Noticed Perttuleena's ghost (novice DsMo)
 23178 | D:12     | Identified the cursed +0 rapier "Fieqid" {drain, +Inv Str+9
                  | Int-2}
 23182 | D:12     | Found a transporter.
 23219 | D:12     | Found a transporter.
 23234 | D:12     | Identified the cursed +2 war axe "Muekun" {speed, rPois rF-
                  | rC+ Dex+4}
 23236 | D:12     | Found a bloodstained altar of Trog.
 23355 | D:12     | Learned a level 4 spell: Petrify
 23774 | D:12     | Reached XP level 15. HP: 93/93 MP: 16/30
 24072 | D:13     | Found a gate to the Vaults.
 24072 | D:13     | Noticed Urug
 24072 | D:13     | Noticed Rupert
 24156 | D:12     | Killed Urug
 24239 | D:13     | Found a runed translucent gate.
 24239 | D:13     | Noticed Byaci's ghost (novice MiBe)
 24239 | D:13     | Identified the cursed +1 flail of the Unspeakable One
                  | {flame, rPois MP+9}
 24239 | D:13     | Identified the cursed +0 plate armour "Waolaoh" {MR+ Int-5
                  | Slay+2}
 24241 | D:13     | Found a runed translucent gate.
 24261 | D:13     | Reached skill level 14 in Earth Magic
 24318 | D:13     | Noticed a ghoul
 24331 | D:13     | Killed a ghoul
 24331 | D:13     | Reached skill level 10 in Long Blades
 24424 | D:13     | Killed Rupert
 24731 | Orc:1    | Entered Level 1 of the Orcish Mines
 24980 | Orc:1    | Found Tibunil's General Store.
 25148 | Orc:2    | Entered Level 2 of the Orcish Mines
 25518 | Orc:1    | Reached skill level 15 in Earth Magic
 25576 | Orc:2    | Offered knowledge of Ozocubu's Refrigeration by Vehumet.
 25761 | Orc:2    | Found Rinaf's Assorted Antiques.
 25845 | Orc:2    | Found Ylium's Jewellery Shoppe.
 25853 | Orc:2    | Reached skill level 16 in Earth Magic
 25932 | Orc:2    | Found Gimaixoi's Jewellery Boutique.
 25948 | Orc:2    | Found Heph's Jewellery Shoppe.
 26303 | Orc:2    | Found a staircase to the Elven Halls.
 26394 | Orc:2    | Found a roughly hewn altar of Beogh.
 26664 | Swamp:1  | Entered Level 1 of the Swamp
 26973 | Swamp:1  | HP: 2/93 [five-headed hydra (5)]
 27027 | Swamp:2  | Noticed a thorn hunter
 27043 | Swamp:2  | HP: 3/93 [thorn hunter/volley of thorns (24)]
 27043 | Swamp:2  | Slain by a swamp drake

Illustrated notes

Levels and vault maps discovered:
D:1:      lightli_arrival_maybe_door_vault, layout_rooms,
          roderic_serpentine_path
D:2:      layout_loops_corners, uniq_jessica
D:3:      layout_loops_corners, lemuel_crystal_altar, chequers_big_river,
          small_statue_intersection, uniq_terence
D:4:      layout_loops_cross, lemuel_round_altar
D:5:      layout_loops_cross, fedhas_altar_1
D:6:      layout_cave_pools, grunt_temple_overflow_open, temple_green,
          serial_shops, shop, nicolae_shop_crystal, uniq_blork_the_orc,
          uniq_prince_ribbit1
D:7:      minmay_spotlight, layout_basic, kennysheep_mini,
          kennysheep_generic_room_9, uniq_pikel
D:8:      layout_basic, gammafunk_ghost_wrathful_warriors, special_room
          [special_room_orc], minivault_25, uniq_maggie
D:9:      layout_roguey, lemuel_crystal_altar, minmay_lair_entry_grove,
          david_orc_2
D:10:     layout_stronghold, minivault_12, uniq_sonja
D:11:     layout_rooms, hangedman_pestilent_swarm, uniq_harold
D:12:     layout_stronghold, gammafunk_ghost_wrathful_warriors, uniq_snorg
D:13:     layout_small_grid, david_vaults_3, serial_undead, serial_undead_b,
          serial_undead_e, serial_undead_b, serial_undead_d,
          biasface_ghost_orc_armoury
Lair:1:   layout_cave_pods, minivault_23
Lair:2:   layout_roguey
Lair:3:   layout_regular_city, minmay_snake_entry_six_corridors,
          nicolae_quartered_pool_super
Lair:4:   layout_hall_layers, nicolae_swamp_entry_splash_gauntlet, basic_altar,
          enter_volcano_1
Lair:5:   gammafunk_indiana_jones, layout_loops_ring, lemuel_fruit_tree
Lair:6:   hangedman_lair_in_review, layout_gridlike, guppyfry_lair_end_dragon,
          minmay_slime_entry_oklob_open, basic_altar, uniq_kirke
Swamp:1:  layout_basic_swamp, evilmike_swamp_ruin_rubble_1
Swamp:2:  layout_basic_swamp, hangedman_swamp_lotus
Orc:1:    layout_diamond_mine, serial_shops, nicolae_shop_crystal
Orc:2:    st_orc_open, layout_caves, portal_ice_cave_entry_ice_beasts,
          nicolae_orc_lost_temple

Skill      XL: |  1  2  3  4  5  6  7  8  9 10 11 12 13 14 15 |
---------------+----------------------------------------------+-----
Earth Magic    | 4 5 6 7 9 11 13 16 | 16.5
Spellcasting   | 3 4 7 9 11 12 | 12.2
Conjurations   | 2 5 8 9 |  9.7
Fighting       | 3 8 10 | 10.4
Fire Magic     | 7 10 11 | 11.3
Long Blades    | 1 7 9 10 | 10.3
Dodging        | |  1.5
Stealth        | |  2.1
Transmutations | |  0.7

Action                   |  1- 3 |  4- 6 |  7- 9 | 10-12 | 13-15 || total
-------------------------+-------+-------+-------+-------+-------++-------
Melee: Dagger            |    35 |    97 |    46 |    20 |       ||   198
       Long sword        |       |       |       |    57 |    28 ||    85
       Falchion          |       |       |       |       |   179 ||   179
 Cast: Sandblast         |    27 |    78 |    60 |    17 |     2 ||   184
       Stone Arrow       |       |       |    98 |   238 |   544 ||   880
       Bolt of Magma     |       |       |       |    40 |   136 ||   176
       Blink             |       |       |       |       |    10 ||    10
 Abil: Fly               |       |       |       |       |     2 ||     2
       Stop Flying       |       |       |       |       |     1 ||     1
Evoke: Wand              |       |       |       |       |     2 ||     2
  Use: Scroll            |       |     4 |     4 |     1 |    16 ||    25
       Potion            |       |       |     1 |       |     1 ||     2
 Stab: Sleeping          |     2 |     3 |       |       |       ||     5
       Distracted        |       |     1 |       |     1 |       ||     2
       Petrifying        |       |       |       |     2 |       ||     2
       Paralysed         |       |       |       |     2 |       ||     2
       Petrified         |       |       |       |     1 |       ||     1
Armor: Robe              |    14 |    37 |    43 |    80 |   279 ||   453
       Skin              |       |       |       |     1 |       ||     1
Dodge: Dodged            |    27 |    98 |    89 |   140 |   362 ||   716
       Rpst.: Long sword |       |       |       |    22 |    15 ||    37
       Falchion          |       |       |       |       |    78 ||    78

Table legend: (Time is in decaauts)
 A = Elapsed time spent in this place.
 B = Non-inter-level travel time spent in this place.
 C = Inter-level travel time spent in this place.
 D = Time resting spent in this place.
 E = Time spent auto-exploring this place.
 F = Levels seen in this place.
 G = Mean time per level.
                   A        B        C        D        E       F      G
               +--------+--------+--------+--------+--------+-----+--------+
         Total |  27108 |  25815 |   1293 |   9782 |  10291 |  23 | 1178.6 |
       Dungeon |  16801 |  16026 |    775 |   6195 |   6705 |  13 | 1292.4 |
          Lair |   8301 |   7876 |    425 |   3020 |   2936 |   6 | 1383.5 |
         Swamp |    359 |    359 |      0 |     28 |    144 |   2 |  179.5 |
  Orcish Mines |   1645 |   1552 |     93 |    539 |    506 |   2 |  822.5 |
               +--------+--------+--------+--------+--------+-----+--------+

Top non-repeatable levels by time:
  Lair:6: 1987 daAuts
  Lair:2: 1884 daAuts
     D:9: 1763 daAuts
     D:5: 1696 daAuts
     D:3: 1626 daAuts
    D:12: 1566 daAuts
     D:8: 1533 daAuts
     D:6: 1503 daAuts
     D:7: 1449 daAuts
    D:10: 1331 daAuts
  Lair:4: 1276 daAuts
  Lair:5: 1131 daAuts
     D:4: 1100 daAuts
  Lair:1: 1071 daAuts
     D:2: 1048 daAuts
